 Dungeon Crawl Stone Soup version 0.29.1-12-g30fa7ad0bf (webtiles) character file.

Game seed: 17846427743757997029

3971 Radix the Cleaver (level 10, 0/90 HPs)
             Began as a Hill Orc Fighter on Dec 16, 2022.
             Was a Follower of Beogh.
             Slain by Prince Ribbit (2 damage)
             ... in a bailey.
             The game lasted 00:38:46 (6466 turns).

Radix the Cleaver (Hill Orc Fighter)                Turns: 6466, Time: 00:38:49

Health: 0/90       AC: 15    Str: 27    XL:     10   Next: 22%
Magic:  14/14      EV: 11    Int: 12    God:    Beogh [*.....]
Gold:   287        SH:  5    Dex: 10    Spells: 15/15 levels left

rFire   . . .      SeeInvis .   s - +6 broad axe of the Mauling Jester {freeze, Str+3 Int+4}
rCold   + . .      Faith    .   c - +0 buckler
rNeg    . . .      Spirit   .   j - +4 plate armour of Xom's Regard {Will+ rCorr}
rPois   .          Reflect  .   (no helmet)
rElec   .          Harm     .   o - +0 cloak
rCorr   +          Rampage  .   D - +0 pair of gloves
Will    +....                   y - +0 pair of boots
Stlth   ..........              i - amulet of magic regeneration
HPRegen 0.25/turn               t - +4 ring of evasion
MPRegen 0.54/turn               g - ring of protection from cold

@: no status effects
A: deformed body, no potion heal 1, MP-powered wands
a: Renounce Religion


You were in a bailey.
You worshipped Beogh.
Beogh was aware of your devotion.
You visited 1 branch of the dungeon, and saw 7 of its levels.
You also visited: Sewer and Bailey.

You collected 287 gold pieces.

Inventory:

Hand Weapons
 a - a +0 war axe
 d - a +2 whip of flaming
 h - a +2 quarterstaff of chaos
 p - a +2 hammer of protection
 s - the +6 broad axe of the Mauling Jester (weapon) {freeze, Str+3 Int+4}
   (You acquired it in a bailey)

   It freezes those it strikes, dealing additional cold damage.
   It can also slow down cold-blooded creatures.
   Str:       It affects your strength (+3).
   Int:       It affects your intelligence (+4).
 C - a +3 great sword
Armour
 b - a +0 scale mail
 c - a +0 buckler (worn)
 j - the +4 plate armour of Xom's Regard (worn) {Will+ rCorr}
   (You found it on level 2 of the Dungeon)

   rCorr:     It protects you from acid and corrosion.
   Will:      It increases your willpower.
 o - a +0 cloak (worn)
 w - the +1 scale mail "Caeneg" {Will- Int+3 Dex+4}
   (You found it on level 5 of the Dungeon)

   Int:       It affects your intelligence (+3).
   Dex:       It affects your dexterity (+4).
   Will:      It decreases your willpower.
 y - a +0 pair of boots (worn)
 D - a +0 pair of gloves (worn)
Magical Staves
 k - a staff of death
Jewellery
 g - a ring of protection from cold (right hand)
 i - an amulet of magic regeneration (around neck)
 t - a +4 ring of evasion (left hand)
 G - a +4 ring of evasion
Wands
 u - a wand of flame (10) (quivered)
 A - a wand of mindburst (10)
 H - a wand of polymorph (9)
Scrolls
 q - a scroll of identify
 r - a scroll of magic mapping
Potions
 e - a potion of attraction
 f - 2 potions of lignification
 l - 2 potions of magic
 m - 2 potions of mutation
 n - a potion of invisibility {unknown}
 v - a potion of degeneration {unknown}
 z - a potion of curing
 F - a potion of flight {unknown}


   Skills:
 + Level 8.8 Fighting
 + Level 9.3 Axes
 + Level 6.0 Armour
 + Level 5.9 Shields
 - Level 3.2 Spellcasting
 + Level 3.9 Invocations
 + Level 6.6 Evocations


You had 15 spell levels left.
You didn't know any spells.
Your spell library contained the following spells:

 Spells                   Type           Power      Damage    Failure   Level
 Portal Projectile        Hex/Tloc       2%         N/A       100%        3
 Tukima's Dance           Hex            1%         N/A       100%        3
 Corpse Rot               Necr/Pois/Air  1%         N/A       100%        4
 Dispel Undead            Necr           1%         3d6       100%        4
 Blade Hands              Tmut           0%         N/A       100%        5
 Death Channel            Necr           0%         N/A       100%        6


Dungeon Overview and Level Annotations

Branches:
Dungeon (7/15)             Temple (0/1) D:5           Sewer (visited)
 Bailey (1/1)

Altars:
Dithmenos
Nemelex Xobeh
Okawaru
Sif Muna

Shops:
D:6 *

Annotations:
Bailey Prince Ribbit


Innate Abilities, Weirdness & Mutations

Armour fits poorly on your strangely shaped body.
Potions are less effective at restoring your health.
You expend magic power (3 MP) to strengthen your wands.


Message History

The vault guard misses you. Prince Ribbit hits you!
You slice the vault guard!! You freeze the vault guard!
The vault guard is almost dead.
You miss Prince Ribbit. Prince Ribbit misses you.
The vault guard hits you with a +0 broad axe!
Prince Ribbit barely misses you.
You closely miss the vault guard.
The vault guard is almost dead.
You closely miss Prince Ribbit. Prince Ribbit hits you.
The vault guard barely misses you.
You closely miss the vault guard.
The vault guard is almost dead.
You hit Prince Ribbit.
Prince Ribbit seems to slow down.
You freeze Prince Ribbit.
The vault guard hits you with a +0 broad axe!
Prince Ribbit hits you but does no damage.
You hit the vault guard. You freeze the vault guard.
The vault guard is almost dead.
You barely miss Prince Ribbit.
Prince Ribbit is no longer moving slowly.
The vault guard hits you with a +0 broad axe!
Prince Ribbit hits you.
The vault guard hits you with a +0 broad axe!!
* * * LOW HITPOINT WARNING * * *
It was a potion of curing.
Your system partially rejects the healing.
You feel better. Prince Ribbit completely misses you. Prince Ribbit hits you.
* * * LOW HITPOINT WARNING * * *
The vault guard barely misses you.
Your system partially rejects the healing.
You feel better.
Prince Ribbit hits you but does no damage.
The vault guard hits you but does no damage.
You closely miss the vault guard.
The vault guard is almost dead.
You miss Prince Ribbit. You block Prince Ribbit's attack.
The vault guard hits you with a +0 broad axe!
* * * LOW HITPOINT WARNING * * *
Prince Ribbit hits you.
You die...

#.....# #..∩..#
###..... ##
##~##...##≈##
##~~~##'##~~≈##
#~~~.....~~~~≈#
#.....~....~~≈##
#.≈≈≈~..~~~p~~~≈#
#+###≈~.~.@F~~~≈#
##≈~~...~~~≈#
#≈~~.~~~~~≈###
##≈~...~~~≈#.##
#≈~..~~~≈##..##
#≈~.~≈≈~≈#.)..##
##≈~.≈##≈##.)...#
#≈~..≈####......#
#≈~..≈#.)'..))).#


You could see a vault guard and Prince Ribbit.

Vanquished Creatures
  Pikel (D:4)
  Grinder (D:3)
  Sigmund (D:3)
  6 humans (Bailey)
  Eustachio (D:6)
  Menkaure (D:6)
  Edmund (D:6)
  2 ice beasts (D:5)
  A centaur (D:6)
  A lemure (D:4)
  11 bullfrogs
  A necrophage (D:5)
  A scorpion (D:5)
  4 wights (D:6)
  5 jellies
  3 hounds
  An orc priest (D:7)
  Crazy Yiuf (D:3)
  A gnoll bouda (D:5)
  Jessica (D:3)
  Natasha (D:3)
  2 orc wizards (D:5)
  4 gnolls (D:5)
  9 adders
  A river rat (Sewer)
  3 worms (Sewer)
  3 dart slugs
  12 orcs
  A bat (D:1)
  13 endoplasms
  6 giant cockroaches
  12 goblins
  4 hobgoblins
  3 jackals (D:4)
  5 kobolds
  4 quokkas
  9 ball pythons
  3 frilled lizards
  8 rats
148 creatures vanquished.

Vanquished Creatures (others)
  13 fungi (D:5)
13 creatures vanquished.

Grand Total: 161 creatures vanquished

Notes
Turn   | Place    | Note
-------+----------+-------------------------------------------
     0 | D:1      | Radix the Hill Orc Fighter began the quest for the Orb.
     0 | D:1      | Reached XP level 1. HP: 19/19 MP: 1/1
   122 | D:1      | Reached skill level 3 in Axes
   133 | D:1      | Found a faded altar of an unknown god.
   146 | D:1      | Reached XP level 2. HP: 25/27 MP: 2/2
   650 | D:1      | Reached skill level 1 in Evocations
   792 | D:2      | Reached XP level 3. HP: 31/33 MP: 3/3
   849 | D:2      | Identified the +4 plate armour of Xom's Regard {Will+
                  | rCorr}
   904 | D:2      | You fall into a shaft and drop 1 floor!
   939 | D:3      | Found a glowing drain.
   943 | Sewer    | Entered a sewer
   979 | Sewer    | Reached XP level 4. HP: 41/41 MP: 4/4
  1158 | Sewer    | Reached skill level 1 in Spellcasting
  1160 | Sewer    | Reached skill level 4 in Axes
  1160 | Sewer    | Reached XP level 5. HP: 44/47 MP: 6/6
  1225 | Sewer    | Found a viscous altar of Jiyva.
  1248 | Sewer    | Reached skill level 5 in Fighting
  1328 | D:3      | Noticed Grinder
  1330 | D:3      | Paralysed by Grinder for 5 turns
  1348 | D:3      | Killed Grinder
  1349 | D:3      | Reached skill level 5 in Axes
  1349 | D:3      | Reached XP level 6. HP: 27/56 MP: 7/9
  1695 | D:3      | Found a runed translucent door.
  1696 | D:3      | Noticed Crazy Yiuf
  1703 | D:3      | Killed Crazy Yiuf
  1704 | D:3      | Reached XP level 7. HP: 22/61 MP: 10/10
  1915 | D:3      | Noticed Jessica
  1921 | D:3      | Killed Jessica
  1971 | D:3      | Noticed Natasha
  1979 | D:3      | Killed Natasha
  2058 | D:3      | Noticed Sigmund
  2066 | D:3      | Killed Sigmund
  2532 | D:4      | Noticed Pikel
  2552 | D:4      | Killed Pikel
  2553 | D:4      | Reached skill level 6 in Axes
  2553 | D:4      | Reached XP level 8. HP: 19/71 MP: 10/12
  3115 | D:4      | Found an iron altar of Okawaru.
  3115 | D:4      | Found a sparkling altar of Nemelex Xobeh.
  3535 | D:5      | Entered Level 5 of the Dungeon
  3552 | D:5      | Reached skill level 7 in Axes
  3690 | D:5      | Found a staircase to the Ecumenical Temple.
  3939 | D:5      | Reached skill level 5 in Evocations
  3945 | D:5      | Became a worshipper of Beogh the Brigand
  4142 | D:5      | Identified the +1 scale mail "Caeneg" {Will- Int+3 Dex+4}
  4213 | D:5      | Reached XP level 9. HP: 67/79 MP: 13/13
  4612 | D:6      | Found a shimmering blue altar of Sif Muna.
  4648 | D:6      | Noticed Edmund
  4661 | D:6      | Killed Edmund
  4740 | D:6      | Found Itzuhon's Assorted Antiques.
  4844 | D:6      | Reached skill level 8 in Axes
  5280 | D:6      | Noticed Menkaure
  5285 | D:6      | Killed Menkaure
  5286 | D:6      | Noticed Eustachio
  5315 | D:6      | Killed Eustachio
  5316 | D:6      | Reached skill level 5 in Armour
  5316 | D:6      | Reached skill level 5 in Shields
  5316 | D:6      | Reached skill level 1 in Invocations
  5658 | D:7      | Found a shadowy altar of Dithmenos.
  5785 | D:7      | Found a flagged portal.
  5797 | D:7      | Reached * piety under Beogh
  5834 | Bailey   | Entered a bailey
  5886 | Bailey   | Gained mutation: Potions are less effective at restoring
                  | your health. [potion of mutation]
  5886 | Bailey   | Gained mutation: Armour fits poorly on your strangely
                  | shaped body. [potion of mutation]
  5886 | Bailey   | Gained mutation: You expend magic power (3 MP) to
                  | strengthen your wands. [potion of mutation]
  5908 | Bailey   | Reached skill level 9 in Axes
  5908 | Bailey   | Reached XP level 10. HP: 36/90 MP: 14/14
  6447 | Bailey   | Noticed a vault guard
  6447 | Bailey   | Noticed Prince Ribbit
  6455 | Bailey   | Identified a scroll of acquirement
  6455 | Bailey   | Acquired the +6 broad axe of the Mauling Jester {freeze,
                  | Str+3 Int+4}
  6466 | Bailey   | HP: 2/90 [vault guard/+0 broad axe (9)]
  6466 | Bailey   | Slain by Prince Ribbit

Illustrated notes

Levels and vault maps discovered:
D:1:      pf_arrival_petrified_forest, layout_loops_cross,
          ebering_ecumenical_altar_mist
D:2:      layout_rooms, serial_shops, nicolae_shop_stone
D:3:      layout_loops_ring, gup_sewer_entry_bowl, uniq_crazy_yiuf_cottage,
          uniq_natasha, uniq_grinder, uniq_jessica, uniq_sigmund
D:4:      layout_gridville, gammafunk_temple_overflow_pools, dk_noncrumbling_2,
          uniq_pikel
D:5:      layout_rooms, minmay_temple_entry_purple_smoke, serial_aquarium,
          aquarium_bridge_square [aquarium_subvault_bridge,
          aquarium_subvault_bridge, aquarium_subvault_balcony,
          aquarium_subvault_balcony], aquarium_bridge_long_joined
          [aquarium_subvault_bridge, aquarium_subvault_bridge,
          aquarium_subvault_wall, aquarium_subvault_bridge,
          aquarium_subvault_wall, aquarium_subvault_window], aquarium_window_1,
          aquarium_window_fake, aquarium_window_1, aquarium_window_1,
          aquarium_view_2d
D:6:      layout_gridville, mainiacjoe_overflow_brackets, serial_shops,
          shop_fountains, abandoned_shop, uniq_edmund, uniq_eustachio,
          uniq_menkaure
D:7:      layout_basic, mainiacjoe_overflow_surrounded_room,
          lemuel_doored_altar, enter_bailey_5, ebering_ghost_reflecting_pool,
          nicolae_titane
Bailey:   bailey_axe_froggy_fort_hellmonk, bailey

Skill      XL: |  1  2  3  4  5  6  7  8  9 10 |
---------------+-------------------------------+-----
Axes           | 3 4 5 6 7 9 |  9.3
Fighting       | 4 5 6 7 8 |  8.8
Evocations     | 1 2 3 4 5 6 |  6.6
Spellcasting   | 1 2 3 |  3.2
Armour         | 4 5 6 |  6.0
Shields        | 4 5 |  5.9
Invocations    | 3 |  3.9

Action                   |  1- 3 |  4- 6 |  7- 9 | 10-12 || total
-------------------------+-------+-------+-------+-------++-------
Melee: War axe           |    66 |    82 |   314 |    32 ||   494
       Broad axe         |       |       |       |     7 ||     7
Invok: Convert to Beogh  |       |       |     1 |       ||     1
Evoke: Wand              |       |       |    10 |     2 ||    12
  Use: Scroll            |       |     2 |     3 |     2 ||     7
       Potion            |       |     1 |     7 |     2 ||    10
Armor: Scale mail        |    16 |       |       |       ||    16
       Plate armour      |    13 |    59 |   272 |    36 ||   380
       Skin              |       |       |     1 |     2 ||     3
Dodge: Dodged            |    21 |    12 |   168 |    27 ||   228
Block: Buckler           |    16 |    16 |    84 |    11 ||   127
